 Dungeon Crawl Stone Soup version 0.29.0-4-gdea44cf6ec (webtiles) character file.

Game seed: 11735864855215247545

30 qw the Chopper (level 3, -3/21 HPs)
             Began as a Tengu Warper on Aug 28, 2022.
             Slain by a scorpion (5 damage)
             ... on level 3 of the Dungeon.
             The game lasted 00:00:09 (1754 turns).

qw the Chopper (Tengu Warper)                       Turns: 1754, Time: 00:00:09

Health: -3/21      AC:  3    Str: 13    XL:     3   Next: 18%
Magic:  7/7        EV: 12    Int: 13    God:
Gold:   149        SH:  0    Dex: 13    Spells: 6/6 levels left

rFire   . . .      SeeInvis .   Y - +1 hand axe (flame)
rCold   . . .      Faith    .   (no shield)
rNeg    . . .      Spirit   .   b - +0 leather armour
rPois   .          Reflect  .   (helmet restricted)
rElec   .          Harm     .   (no cloak)
rCorr   .          Rampage  .   (no gloves)
Will    .....                   (boots unavailable)
Stlth   +.........              (no amulet)
HPRegen 0.07/turn               (no ring)
MPRegen 0.10/turn               (no ring)

@: lethally poisoned (-3 -> -13)
A: beak, talons 3
a: no special abilities


You were on level 3 of the Dungeon.
You visited 1 branch of the dungeon, and saw 3 of its levels.

You collected 149 gold pieces.


Innate Abilities, Weirdness & Mutations

You have a beak for a mouth.
You have claws for feet.


   Skills:
 - Level 2.0 Fighting
 + Level 3.9 Axes
 - Level 1.0 Throwing
 - Level 1.1 Armour
 - Level 2.1 Dodging
 - Level 2.0 Spellcasting
 - Level 2.4 Translocations


You had 6 spell levels left.
You didn't know any spells.
Your spell library contained the following spells:

 Spells                   Type           Power      Damage    Failure   Level
 Blink                    Tloc           14%        N/A       19%         2
 Gell's Gravitas          Tloc           7%         N/A       36%         3
 Lesser Beckoning         Tloc           7%         N/A       36%         3
 Teleport Other           Tloc           7%         N/A       36%         3
 Manifold Assault         Tloc           7%         N/A       98%         5

Inventory:

Hand Weapons
 Y - a +1 hand axe of flaming (weapon)
Armour
 b - a +0 leather armour (worn)
Scrolls
 f - a scroll of identify
Potions
 a - a potion of heal wounds {unknown}
 g - a potion of mutation {unknown}
 h - a potion of lignification {unknown}
 i - a potion of haste {unknown}
 j - a potion of curing {unknown}
 k - a potion of brilliance {unknown}
 l - a potion of magic {unknown}

Dungeon Overview and Level Annotations

Branches:
Dungeon (3/15)

Altars:

Shops:
D:2 :


Message History

What level of the Dungeon? (default 1, ? - help)
There is a stone staircase leading down here.
You climb downwards.
Found a scroll of identify.
Found a stone staircase leading down.
There is a stone staircase leading up here.
There are monsters nearby!
Existing waypoints: (1) D:2 (2) D:1 Assign waypoint to what number? (0-9, D - delete waypoint) Waypoint 2 re-assigned from D:1 to D:3.
The bat hits you but does no damage.
You hit the bat. You burn the bat.
You kill the bat!
You closely miss the scorpion. Your peck misses the scorpion.
The scorpion misses you. The scorpion closely misses you.
You barely miss the scorpion. The scorpion stings you.
You hit the scorpion. You burn the scorpion. Your kick misses the scorpion.
The scorpion is moderately wounded.
The scorpion stings you.
You hit the scorpion. You burn the scorpion.
The scorpion is heavily wounded.
The scorpion stings you. The scorpion closely misses you.
You barely miss the scorpion. You claw the scorpion.
The scorpion is heavily wounded.
The scorpion barely misses you.
You barely miss the scorpion. Your kick misses the scorpion.
You peck the scorpion.
The scorpion is heavily wounded.
The scorpion stings you.
You closely miss the scorpion.
The scorpion is heavily wounded.
The scorpion stings you!
You are lethally poisoned!
The scorpion poisons you! The scorpion barely misses you.
You closely miss the scorpion.
The scorpion is heavily wounded.
You feel very sick. The scorpion stings you.
You die...

#.# #.# #.# #.#
# #######.#.#
.?......#.###.#
.............>#
#.s@# #.### ..
##


You could see a scorpion.

Vanquished Creatures
  A worm (D:2)
  A dart slug (D:1)
  6 bats
  2 endoplasms
  2 goblins (D:2)
  2 quokkas
  A ball python (D:2)
  A frilled lizard (D:2)
  6 kobolds
  3 rats
25 creatures vanquished.

Notes
Turn   | Place    | Note
-------+----------+-------------------------------------------
     0 | D:1      | qw the Tengu Warper began the quest for the Orb.
     0 | D:1      | Reached XP level 1. HP: 12/12 MP: 4/4
     0 | D:1      | 0 ||| qw: Version: 0.1-a-89-g26bdef1
     0 | D:1      | 0 ||| qw: Game counter: 2587
     0 | D:1      | 0 ||| qw: Always use a shield: true
     0 | D:1      | 0 ||| qw: God list: Okawaru
     0 | D:1      | 0 ||| qw: Allow faded altars: false
     0 | D:1      | 0 ||| qw: Do Orc after D:15 true
     0 | D:1      | 0 ||| qw: Do second Lair branch before Depths: true
     0 | D:1      | 0 ||| qw: Lair rune preference: random
     0 | D:1      | 0 ||| qw: Plans: Normal
     0 | D:1      | 0 ||| PLANNING D:1-11
    63 | D:1      | Found a faded altar of an unknown god.
   395 | D:1      | Reached skill level 3 in Axes
   395 | D:1      | Reached XP level 2. HP: 8/17 MP: 6/6
   664 | D:1      | 664 ||| DROPPING +0 club.
   871 | D:1      | 871 ||| READING scroll labelled RUROHE AVADOB.
   872 | D:1      | 872 ||| DROPPING +0 whip.
   873 | D:1      | 873 ||| READING 3 scrolls labelled RIPLEM XISIZ.
   874 | D:1      | 874 ||| READING 2 scrolls labelled RIDIHOAZOR.
   875 | D:1      | 875 ||| READING scroll labelled HEKKIUKH ETUXO.
   876 | D:1      | 876 ||| READING 2 scrolls of identify.
   876 | D:1      | 876 ||| IDENTIFYING sedimented silvery potion
   877 | D:1      | 877 ||| DROPPING scroll of blinking.
   878 | D:1      | 878 ||| DROPPING potion of degeneration.
   879 | D:1      | 879 ||| DROPPING scroll of vulnerability.
  1149 | D:2      | Found Raepuc's Book Shoppe.
  1198 | D:2      | 1198 ||| FLEEEEING.
  1200 | D:2      | 1200 ||| FLEEEEING.
  1201 | D:2      | 1201 ||| FLEEEEING.
  1202 | D:2      | 1202 ||| FLEEEEING.
  1203 | D:2      | 1203 ||| FLEEEEING.
  1204 | D:2      | 1204 ||| FLEEEEING.
  1205 | D:2      | 1205 ||| FLEEEEING.
  1206 | D:2      | 1206 ||| FLEEEEING.
  1207 | D:2      | 1207 ||| FLEEEEING.
  1208 | D:2      | 1208 ||| FLEEEEING.
  1209 | D:2      | 1209 ||| FLEEEEING.
  1211 | D:2      | 1211 ||| FLEEEEING.
  1212 | D:2      | 1212 ||| FLEEEEING.
  1213 | D:2      | 1213 ||| FLEEEEING.
  1214 | D:2      | 1214 ||| FLEEEEING.
  1215 | D:2      | 1215 ||| FLEEEEING.
  1216 | D:2      | 1216 ||| FLEEEEING.
  1217 | D:2      | 1217 ||| FLEEEEING.
  1219 | D:2      | 1219 ||| FLEEEEING.
  1406 | D:2      | Reached XP level 3. HP: 21/21 MP: 7/7
  1694 | D:2      | 1694 ||| READING scroll labelled ZEZIAN WOPSIZ.
  1695 | D:2      | 1695 ||| READING scroll labelled FAODIC ORUCHUWK.
  1696 | D:2      | 1696 ||| READING scroll labelled UFOB YL SEFF.
  1743 | D:3      | Noticed a scorpion
  1754 | D:3      | HP: 2/21 [poisoned by a scorpion]
  1754 | D:3      | Slain by a scorpion

Levels and vault maps discovered:
D:1:      lemuel_arrival_behind_the_door_large, layout_basic,
          hellmonk_ecumenical_altar_lost_god, kennysheep_pointless_box
D:2:      layout_loops_ring, serial_shops, nicolae_square_shop
D:3:      layout_basic, mainiacjoe_overflow_tiny_flanked,
          nicolae_overflow_crystal_walls, chequers_serial_rivers_small_a,
          grunt_ministairs_9, lemuel_old_faithful

Skill      XL: |  1 |
---------------+----+-----
Axes           | 3 |  3.9
Fighting       | |  2.0
Throwing       | |  1.0
Armour         | |  1.1
Dodging        | |  2.1
Spellcasting   | |  2.0
Translocations | |  2.4

Action                   || total
-------------------------++-------
Melee: Hand axe          ||    58
       Kick              ||    17
       Peck              ||    12
Throw: Boomerang         ||     7
  Use: Scroll            ||     8
Armor: Leather armour    ||    15
Dodge: Dodged            ||    34

Table legend:
 A = Non-vault XP
 B = Vault XP
 C = Vault XP percentage of total XP
 D = Non-vault monster count
 E = Vault monster count
 F = Vault count percentage of total count
                 A         B        C        D         E       F
            +---------+---------+-------+---------+---------+-------
      Total |      43 |       0 |   0.0 |      25 |       0 |   0.0
            +---------+---------+-------+---------+---------+-------
        D:1 |      16 |       0 |   0.0 |       9 |       0 |   0.0
        D:2 |      26 |       0 |   0.0 |      15 |       0 |   0.0
        D:3 |       1 |       0 |   0.0 |       1 |       0 |   0.0
            +---------+---------+-------+---------+---------+-------
